 Dungeon Crawl Stone Soup version 0.29.1-12-g30fa7ad0bf (webtiles) character file.

Game seed: 2696813603302099579

4581 nshep25 the Cleaver (level 10, -1/86 HPs)
             Began as a Minotaur Fighter on Dec 28, 2022.
             Was an Initiate of the Shining One.
             Slain by a very large slime creature (48 damage)
             ... on level 9 of the Dungeon.
             The game lasted 00:16:25 (8730 turns).

nshep25 the Cleaver (Minotaur Fighter)              Turns: 8730, Time: 00:16:28

Health: -1/86      AC: 25    Str: 25    XL:     10   Next: 18%
Magic:  9/9        EV:  6    Int: 11    God:    the Shining One [......]
Gold:   258        SH: 13    Dex: 10    Spells: 9/9 levels left

rFire   . . .      SeeInvis .   a - +1 war axe (protect)
rCold   . . .      Faith    .   z - +3 kite shield
rNeg    . . .      Spirit   .   G - +0 plate armour
rPois   .          Reflect  .   (helmet restricted)
rElec   .          Harm     .   c - +1 cloak
rCorr   .          Rampage  .   (no gloves)
Will    +....                   y - +0 pair of boots
Stlth   ..........              (no amulet)
HPRegen 0.24/turn               E - ring of willpower
MPRegen 0.11/turn               J - +6 ring of intelligence

@: under a protective aura, glowing
A: horns 2, retaliatory headbutt
a: Renounce Religion


You were on level 9 of the Dungeon.
You worshipped the Shining One.
The Shining One was noncommittal.
You visited 2 branches of the dungeon, and saw 10 of its levels.

You collected 420 gold pieces.
You spent 162 gold pieces at shops.

Inventory:

Hand Weapons
 a - a +1 war axe of protection (weapon)
 g - a +2 war axe of freezing
Missiles
 t - 3 throwing nets (quivered)
Armour
 c - a +1 cloak (worn)
 y - a +0 pair of boots (worn)
 z - a +3 kite shield (worn)
 G - a +0 plate armour (worn)
 K - a +0 cloak
Jewellery
 E - a ring of willpower (left hand)
 J - a +6 ring of intelligence (right hand)
Wands
 b - a wand of flame (9)
 h - a wand of polymorph (7)
 B - a wand of charming (2)
 F - a wand of digging (6)
 I - a wand of mindburst (12)
Scrolls
 f - 3 scrolls of identify
 i - 5 scrolls of blinking
 k - a scroll of butterflies
 l - 3 scrolls of amnesia
 m - a scroll of silence
 q - 3 scrolls of teleportation
Potions
 d - 2 potions of might
 e - 3 potions of berserk rage
 j - 4 potions of curing
 o - 2 potions of heal wounds
 p - 2 potions of haste
 r - a potion of cancellation
 A - 4 potions of brilliance
 D - a potion of mutation


   Skills:
 + Level 7.2 Fighting
 + Level 11.7 Axes
 * Level 10.1 Armour
 + Level 1.6 Dodging
 + Level 0.4 Stealth
 * Level 8.2 Shields


You had 9 spell levels left.
You didn't know any spells.
Your spell library contained the following spells:

 Spells                   Type           Power      Damage    Failure   Level
 Fulminant Prism          Conj/Hex       0%         3d6       100%        4
 Iskenderun's Mystic Bla  Conj/Tloc      0%         2d3       100%        4
 Olgreb's Toxic Radiance  Pois           0%         N/A       100%        4
 Lee's Rapid Deconstruct  Erth           0%         3d5*      100%        5
 Ozocubu's Refrigeration  Ice            0%         4d7       100%        7
 Ignition                 Fire           0%         3d3       100%        8


Dungeon Overview and Level Annotations

Branches:
Dungeon (9/15)             Temple (1/1) D:7
   Lair: D:8-11         Orc: D:9-12

Altars:
Ashenzari
Cheibriados
Dithmenos
Elyvilon
Fedhas
Gozag
Hepliaklqana
Kikubaaqudgha
Makhleb
Qazlal
Ru
Sif Muna
Trog
Uskayaw
Vehumet
Wu Jian
Xom
Yredelemnul
Zin
The Shining One

Shops:
D:1 ([


Innate Abilities, Weirdness & Mutations

You have a pair of horns on your head.
You reflexively headbutt those who attack you in melee.


Message History

You barely miss the slime creature. You headbutt the slime creature!
The slime creature is heavily wounded.
You slash the slime creature! The slime creature barely misses you.
You furiously retaliate!
You headbutt the slime creature, but do no damage.
You block the slime creature's attack.
You slice the slime creature!!
You headbutt the slime creature, but do no damage.
The slime creature is almost dead.
You slash the slime creature! You block the slime creature's attack.
Two slime creatures merge to form a very large slime creature.
You block the slime creature's attack.
A slime creature comes into view.
You hit the very large slime creature.
The very large slime creature is moderately wounded.
You hit the slime creature but do no damage.
A slime creature comes into view.
The slime creature hits you but does no damage.
You hit the very large slime creature but do no damage.
The very large slime creature is moderately wounded.
You hit the slime creature but do no damage.
The very large slime creature hits you!!!
The slime creature hits you but does no damage.
You hear a shout!
You hit the very large slime creature.
You headbutt the very large slime creature!
The very large slime creature is moderately wounded.
You slash the slime creature!
The very large slime creature closely misses you.
You furiously retaliate!
You headbutt the very large slime creature.
Two slime creatures merge to form a large slime creature.
You block the slime creature's attack.
You hit the very large slime creature.
You headbutt the very large slime creature!
The very large slime creature is heavily wounded.
You slash the slime creature!
The very large slime creature hits you!!!
Ouch! That really hurt!
You die...

.# .## ... ..#
#J# #.###
#JJ.###.# ..
#@......# . .
#.#.##### #.# #.
#.# #
.##.#.#.#######.#
.....#.........#
.##...###.#.#####
..........#.#
............#
###.##.#####


You could see a very large slime creature, a large slime creature and a slime
creature.

Vanquished Creatures
  A two-headed ogre (D:8)
  Maurice (D:8)
  Sigmund (D:5)
  8 yaks
  2 ice beasts
  2 orc warriors
  A black bear (D:5)
  2 sky beasts (D:7)
  An ogre (D:5)
  A centaur (D:5)
  2 phantoms (D:4)
  2 kobold brigands
  A necrophage (D:5)
  2 bullfrogs (D:8)
  A gnoll sergeant (D:8)
  3 wights (D:6)
  4 killer bees (D:8)
  A howler monkey (D:4)
  3 jellies
  2 orc priests
  2 hounds
  4 iguanas
  5 orc wizards
  5 gnolls (D:8)
  5 adders
  A shadow imp (D:7)
  3 ufetubi
  5 worms
  2 dart slugs
  18 orcs
  8 ball pythons
  2 bats
  3 endoplasms
  5 giant cockroaches
  3 hobgoblins
  5 quokkas
  2 frilled lizards (D:1)
  3 goblins
  15 kobolds
  4 rats
141 creatures vanquished.

Notes
Turn   | Place    | Note
-------+----------+-------------------------------------------
     0 | D:1      | nshep25 the Minotaur Fighter began the quest for the Orb.
     0 | D:1      | Reached XP level 1. HP: 19/19 MP: 0/0
   124 | D:1      | Found Nuts's Antique Weapon Boutique.
   140 | D:1      | Reached XP level 2. HP: 23/27 MP: 1/1
   253 | D:1      | Found Ceppodo's Armour Shoppe.
  1303 | D:2      | Reached XP level 3. HP: 33/33 MP: 2/2
  1619 | D:2      | Identified the +6 whip of Vuvveuma {elec, +Blink Fly rC+
                  | Int-2}
  1772 | D:3      | Reached skill level 3 in Axes
  1961 | D:3      | Found a faded altar of an unknown god.
  2459 | D:4      | Noticed a phantom
  2466 | D:4      | Noticed a phantom
  2468 | D:4      | Killed a phantom
  2469 | D:4      | Reached skill level 4 in Axes
  2469 | D:4      | Reached XP level 4. HP: 36/40 MP: 3/3
  2477 | D:4      | Reached XP level 5. HP: 38/46 MP: 4/4
  2485 | D:4      | Killed a phantom
  2486 | D:4      | Reached skill level 5 in Armour
  2732 | D:4      | Reached skill level 5 in Axes
  3021 | D:4      | Reached XP level 6. HP: 26/53 MP: 5/5
  3310 | D:4      | Reached skill level 6 in Axes
  3504 | D:5      | Entered Level 5 of the Dungeon
  3518 | D:5      | Identified the +1 leather armour of Huafohyt {rF+}
  3603 | D:5      | Reached XP level 7. HP: 55/60 MP: 6/6
  3702 | D:5      | Noticed Sigmund
  3711 | D:5      | Killed Sigmund
  3712 | D:5      | Reached skill level 5 in Fighting
  3712 | D:5      | Reached skill level 7 in Axes
  4334 | D:5      | Reached skill level 8 in Axes
  4472 | D:5      | Reached XP level 8. HP: 68/68 MP: 7/7
  4580 | D:5      | Reached skill level 1 in Dodging
  5172 | D:6      | Reached skill level 5 in Shields
  5625 | D:6      | Found a blossoming altar of Fedhas.
  5703 | D:6      | Reached skill level 9 in Axes
  6433 | D:7      | Found a staircase to the Ecumenical Temple.
  6443 | Temple   | Entered the Ecumenical Temple
  6619 | Temple   | Became a worshipper of the Shining One
  6723 | D:7      | Reached skill level 10 in Axes
  6980 | D:8      | Noticed a two-headed ogre
  6986 | D:8      | Killed a two-headed ogre
  6987 | D:8      | Reached XP level 9. HP: 34/78 MP: 8/8
  7367 | D:1      | Bought a glowing war axe for 162 gold pieces
  7905 | D:8      | Noticed Maurice
  7962 | D:8      | Killed Maurice
  7963 | D:8      | Reached skill level 11 in Axes
  8610 | D:9      | Reached skill level 10 in Armour
  8610 | D:9      | Reached XP level 10. HP: 78/86 MP: 9/9
  8730 | D:9      | Slain by a very large slime creature

Illustrated notes

Levels and vault maps discovered:
D:1:      spicycebolla_arrival_xxxplode, layout_rooms, serial_shops, shop,
          shop_fountains
D:2:      layout_basic, grunt_decor_arrowhead
D:3:      layout_loops_ring, shapermc_ecumenical_altar_mp_urbaneastern
D:4:      layout_gridville, nicolae_zen_rock_garden
D:5:      layout_loops_corners, uniq_sigmund
D:6:      layout_loops_corners, fedhas_ov_isle_minmay, serial_bayou_crossing
D:7:      layout_loops_ring, minmay_temple_entry_glassed_door,
          minmay_door_square, grunt_decor_cap
D:8:      layout_basic, uniq_maurice
D:9:      layout_loops_ring, jmf_multi_god_temple, ebering_ghost_reflecting_pool
Temple:   nicolae_temple_bog_church

Skill      XL: |  1  2  3  4  5  6  7  8  9 10 |
---------------+-------------------------------+-----
Armour         | 4 5 6 8 10 | 10.1
Shields        | 4 6 7 8 |  8.2
Fighting       | 4 5 6 7 |  7.2
Axes           | 4 5 6 8 10 11 | 11.7
Dodging        | 1 |  1.6
Stealth        | |  0.4

Action                   |  1- 3 |  4- 6 |  7- 9 | 10-12 || total
-------------------------+-------+-------+-------+-------++-------
Melee: War axe           |    67 |    71 |   262 |    16 ||   416
       Headbutt          |    11 |    11 |    44 |     6 ||    72
  Use: Scroll            |       |       |    23 |       ||    23
Armor: Scale mail        |     5 |       |       |       ||     5
       Chain mail        |    22 |    52 |    40 |       ||   114
       Plate armour      |       |       |   133 |     9 ||   142
Dodge: Dodged            |    28 |    30 |    53 |     6 ||   117
Block: Buckler           |    14 |    11 |       |       ||    25
       Kite shield       |       |     8 |   138 |    10 ||   156
